Get step-by-step instructions on how to execute this build order below. Start the game timer, and the build order will tick by so you can play in parallel with StarCraft on a second screen or mobile device.

Game Time

  0:00

Last Step

  N/A

Next Step

Upcoming Step



Don't want to look back and forth between 2 screens? Try out our Overwolf App, the Spawning Tool Build Advisor to get an in-game overlay with this build!

Complete Build Order

  12  0:00  SCV  
  13  0:13  SCV  
  14  0:25  SCV  
  15  0:36  Supply Depot  
  15  0:57  SCV  
  15  0:59  Barracks  
  16  1:12  SCV  
  17  1:26  SCV  
  18  1:35  Command Center  
  18  1:42  SCV  
  19  1:47  Refinery  
  19  1:49  Refinery  
  19  1:55  Marine  
  19  1:58  Orbital Command  
  20  2:12  Marine  
  21  2:24  SCV  
  22  2:39  Barracks  
  22  2:46  Bunker  
  22  2:49  Marine  
  23  2:53  Orbital Command  
  23  2:57  SCV  
  24  2:58  Factory  
  24  3:12  Marine  
  25  3:39  Marine  
  26  3:44  Factory Tech Lab  
  26  3:45  Starport  
  26  3:55  Bunker  
  26  4:09  Bunker  
  26  4:15  Marine  
  26  4:16  Siege Tank  
  29  4:17  SCV x2  
  31  4:25  Liberator  
  34  4:32  SCV x2  
  34  4:55  Marine  
  34  4:56  Siege Tank  
  38  5:07  Barracks  
  38  5:11  Supply Depot  
  38  5:12  Supply Depot  
  38  5:13  Starport Reactor, Supply Depot  
  38  5:18  Fusion Core  
  38  5:31  Supply Depot  
  38  5:33  SCV  
  38  5:35  Supply Depot  
  37  5:38  Command Center  
  36  5:45  SCV  
  36  5:52  Marine  
  37  5:59  SCV x2  
  39  6:10  Marine  
  39  6:11  SCV x2  
  42  6:12  Refinery, Starport  
  42  6:13  Refinery  
  42  6:18  Marine  
  43  6:21  Siege Tank  
  45  6:49  Marine x2  
  45  6:51  Viking x2  
  51  6:57  Starport  
  52  7:08  SCV  
  52  7:09  SCV  
  53  7:20  SCV  
  53  7:21  SCV  
  44  7:57  Orbital Command  
  44  8:22  SCV  
  44  8:23  SCV  
  46  8:30  Engineering Bay  
  46  8:34  SCV  
  46  8:35  SCV  
  48  8:47  SCV x2  
  50  8:49  SCV  
  51  8:59  SCV x2  
  51  9:01  SCV  
  54  9:09  Siege Tank  
  57  9:11  SCV x2  
  57  9:13  SCV  
  57  9:15  Marine  
  57  9:16  Marine  
  62  9:17  Starport Tech Lab  
  62  9:19  Weapon Refit  
  62  9:23  SCV x2  
  62  9:24  Armory  
  64  9:25  Armory  
  64  9:32  Planetary Fortress  
  64  9:33  Marine x2  
  64  9:34  Missile Turret  
  64  9:37  SCV x2  
  68  9:43  Battlecruiser  
  74  9:45  Viking  
  74  9:46  Viking  
  74  9:49  SCV x2  
  74  9:51  Marine x2, Supply Depot  
  74  9:52  Supply Depot  
  82  9:59  Sensor Tower  
  82  10:01  SCV x2  
  84  10:09  Marine x2  
  84  10:13  SCV x2  
  88  10:25  SCV  
  88  10:27  Marine x2  
  92  10:34  Starport Tech Lab  
  92  10:42  Viking x2  
  95  10:45  Marine x2  
  97  11:02  Marine x2  
  97  11:43  Marine x2  
  97  12:00  Marine  
  97  12:01  Marine  
  111  12:16  Supply Depot x2  
  111  12:17  Supply Depot  
  111  12:19  Supply Depot  
  111  12:21  Barracks  
  111  12:22  Barracks  
  111  12:24  Barracks  
  111  12:25  Barracks  
  111  12:26  Barracks  
  111  12:29  Widow Mine  
  113  12:31  Marine x2  
  115  12:38  SCV x3